 Dungeon Crawl Stone Soup version 0.23.2-1-ga50397a (webtiles) character file.

Game seed: 2930767794085240781

352 whitewolfNL the Ruffian (level 6, -4/61 HPs)
             Began as a Troll Berserker on May 8, 2019.
             Was a Believer of Trog.
             Killed by nerve-wracking pain
             ... invoked by Grinder
              (11 damage)
             ... on level 4 of the Dungeon.
             The game lasted 00:08:17 (2169 turns).

whitewolfNL the Ruffian (Troll Berserker)           Turns: 2169, Time: 00:08:18

Health: -4/61      AC:  7    Str: 29    XL:     6   Next: 35%
Magic:  5/5        EV: 11    Int:  3    God:    Trog [**....]
Gold:   119        SH:  0    Dex: 11    Spells: 5/5 levels left

rFire    . . .     SeeInvis .     - Unarmed
rCold    + . .     Gourm    +   (no shield)
rNeg     . . .     Faith    .   p - +0 robe {MR+}
rPois    .         Spirit   .   (helmet restricted)
rElec    .         Reflect  .   w - +0 cloak
rCorr    .         Harm     .   (gloves unavailable)
MR       +....                  (boots unavailable)
Stlth    ++........             (no amulet)
HPRegen  0.60/turn              l - +3 ring of strength
MPRegen  0.09/turn              t - ring of protection from cold

@: berserk cooldown, slowed, very slow
A: large, unfitting armour, claws 3, fast metabolism 3, gourmand, regeneration
1, shaggy fur 1, tough skin 3
a: Berserk, Trog's Hand, Renounce Religion


You were on level 4 of the Dungeon.
You worshipped Trog.
Trog was pleased with you.
You were very full.

You visited 1 branch of the dungeon, and saw 4 of its levels.

You collected 119 gold pieces.

Inventory:

Missiles
 e - 13 sling bullets
 h - 68 bolts
 i - 74 stones (quivered)
 m - 5 silver tomahawks
 o - 57 arrows
 r - 5 large rocks
 x - 18 poisoned needles
Armour
 p - a +0 robe of magic resistance (worn)
 w - a +0 cloak (worn)
Jewellery
 l - a +3 ring of strength (left claw)
 t - a ring of protection from cold (right claw)
Scrolls
 a - a scroll of immolation {unknown}
 c - 4 scrolls of teleportation {unknown}
 d - 2 scrolls of remove curse {unknown}
 k - a scroll of identify {unknown}
 q - a scroll of enchant weapon {unknown}
 u - 2 scrolls of amnesia {unknown}
 v - a scroll of blinking {unknown}
Potions
 f - a potion of curing {unknown}
 g - 2 potions of agility {unknown}
 j - 2 potions of ambrosia {unknown}
 n - 2 potions of flight {unknown}
Comestibles
 b - 4 rations
 s - 4 chunks of flesh


   Skills:
 * Level 3.2 Fighting
 * Level 2.0 Throwing
 + Level 3.3 Dodging
 * Level 1.2 Stealth
 + Level 4.8 Unarmed Combat


You had 5 spell levels left.
You didn't know any spells.
Your spell library was empty.

Dungeon Overview and Level Annotations

Branches:
Dungeon (4/15)
 Temple: D:4-7

Altars:
Nemelex Xobeh
Vehumet

Annotations:
D:4 Grinder


Innate Abilities, Weirdness & Mutations

You are too large for most types of armour.
You have claws for hands.
Your metabolism is lightning-fast.
You like to eat raw meat.
Your natural rate of healing is unusually fast.
You are covered in fur. (AC +1)
You have extremely tough skin. (AC +3)


Message History

You scratch the iguana but do no damage.
The iguana bites you.
* * * LOW HITPOINT WARNING * * *
You scratch the iguana but do no damage.
You claw the iguana!
You kill the iguana!
Trog accepts your kill.
You feel sick.
You mangle the scorpion!!
You kill the scorpion!
Trog accepts your kill.
Your Throwing skill increases to level 2!
You barely miss Grinder. Grinder barely misses you. Grinder hits you.
* * * LOW HITPOINT WARNING * * *
Some of the chunks of flesh in your inventory have rotted away.
You barely miss Grinder.
You feel sick.
You are no longer poisoned.
Grinder gestures at you. Pain shoots through your body!
You die...

.................#
.................#
.................#
........ยง.$......#
#####%....l......#
#####........#
##.#####.# #.# #.#
#.## #@#
#..####5##.###
##..l........#
#.........#.#
#..#####....#
#..#!$o#..#.#
#..#?)!#..# #
#..#$$!#..#
#..#####..#


You could see Grinder and an orc.

Vanquished Creatures
  A centaur (D:4)
  A scorpion (D:4)
  2 orc wizards (D:4)
  Jessica (D:2)
  An iguana (D:4)
  Natasha (D:4)
  5 adders
  2 dart slugs
  A leopard gecko (D:1)
  3 orcs
  7 bats
  3 giant cockroaches
  2 goblins
  4 hobgoblins
  4 jackals (D:1)
  6 kobolds
  A ball python (D:1)
  3 frilled lizards
  5 rats
53 creatures vanquished.

Notes
Turn   | Place    | Note
-------+----------+-------------------------------------------
     0 | D:1      | whitewolfNL the Troll Berserker began the quest for the
                  | Orb.
     0 | D:1      | Reached XP level 1. HP: 22/22 MP: 0/0
     7 | D:1      | Noticed a ghoul
    20 | D:1      | Noticed a minotaur zombie
   158 | D:1      | Reached XP level 2. HP: 29/29 MP: 1/1
   885 | D:2      | Reached XP level 3. HP: 34/36 MP: 2/2
   944 | D:2      | Reached ** piety under Trog
  1203 | D:2      | Noticed Jessica
  1208 | D:2      | Killed Jessica
  1208 | D:2      | Reached skill level 1 in Throwing
  1208 | D:2      | Reached XP level 4. HP: 44/44 MP: 3/3
  1358 | D:3      | Found a radiant altar of Vehumet.
  1704 | D:3      | Found a sparkling altar of Nemelex Xobeh.
  1805 | D:3      | Reached skill level 4 in Unarmed Combat
  1959 | D:4      | Noticed a centaur
  1962 | D:4      | Killed a centaur
  1962 | D:4      | Reached skill level 1 in Stealth
  1962 | D:4      | Reached XP level 5. HP: 40/52 MP: 4/4
  2016 | D:4      | Noticed Natasha
  2033 | D:4      | Killed Natasha
  2033 | D:4      | Reached XP level 6. HP: 51/61 MP: 5/5
  2134 | D:4      | Noticed Grinder
  2169 | D:4      | Killed from afar by Grinder

Skill      XL: |  1  2  3  4  5  6 |
---------------+-------------------+-----
Throwing       | 1 2 |  2.0
Unarmed Combat | 4 |  4.8
Dodging        | 3 |  3.3
Stealth        | 1 |  1.2
Fighting       | 3 |  3.2

Action                   |  1- 3 |  4- 6 || total
-------------------------+-------+-------++-------
Melee: Unarmed           |    91 |    63 ||   154
       Punch             |     1 |     2 ||     3
Invok: Berserk           |     1 |     2 ||     3
 Stab: Sleeping          |       |     2 ||     2
  Eat: Chunk             |    16 |    10 ||    26
Armor: Animal skin       |    51 |       ||    51
       Robe              |       |    11 ||    11
Dodge: Dodged            |    63 |    31 ||    94
